 Dungeon Crawl Stone Soup version 0.24-b1 (webtiles) character file.

Game seed: 9538952572179499493, levelgen mode: deterministic

2898 Chiseanne the Nimble (level 9, -4/71 HPs)
             Began as a Gnoll Gladiator on Oct 13, 2019.
             Was a Follower of the Shining One.
             Slain by an ogre
             ... wielding a +0 giant spiked club
              (14 damage)
             ... on level 7 of the Dungeon.
             The game lasted 00:22:25 (7249 turns).

Chiseanne the Nimble (Gnoll Gladiator)              Turns: 7249, Time: 00:22:25

Health: -4/71      AC: 15    Str: 16    XL:     9   Next: 77%
Magic:  15/15      EV:  7    Int: 15    God:    the Shining One [*.....]
Gold:   363        SH: 14    Dex: 16    Spells: 17/17 levels left

rFire    . . .     SeeInvis .   s - +1 hand axe (elec)
rCold    + . .     Gourm    .   d - +0 large shield
rNeg     . . .     Faith    .   m - +2 chain mail {rC+}
rPois    .         Spirit   .   c - +0 helmet
rElec    .         Reflect  .   (no cloak)
rCorr    .         Harm     .   y - +0 pair of gloves
MR       .....                  u - +0 pair of boots
Stlth    ..........             (no amulet)
HPRegen  0.21/turn              (no ring)
MPRegen  0.14/turn              (no ring)

@: about to teleport, glowing
A: distributed training, fangs 1, strong nose
a: Renounce Religion


You were on level 7 of the Dungeon.
You worshipped the Shining One.
The Shining One was aware of your devotion.
You were not hungry.

You visited 2 branches of the dungeon, and saw 8 of its levels.

You collected 363 gold pieces.

Inventory:

Hand Weapons
 a - a +0 war axe
 s - a +1 hand axe of electrocution (weapon)
 B - a +2 scimitar of freezing
Missiles
 b - 14 sling bullets
 h - 141 arrows
 i - 3 throwing nets {!*}
 j - 67 bolts
 l - 10 boomerangs
 n - 3 silver boomerangs
 p - 126 stones
 C - 7 datura-tipped darts
 G - 8 poisoned darts (quivered)
Armour
 c - a +0 helmet (worn)
 d - a +0 large shield (worn)
 m - a +2 chain mail of cold resistance (worn)
 u - a +0 pair of boots (worn)
 y - a +0 pair of gloves (worn)
Magical Staves
 E - an uncursed staff of power
Jewellery
 w - an uncursed ring of fire
 H - an uncursed ring of stealth {unknown}
 J - an uncursed amulet of guardian spirit
Wands
 z - a wand of iceblast (8)
Scrolls
 e - 5 scrolls of teleportation
 g - 2 scrolls of magic mapping
 r - 4 scrolls of remove curse
 D - a scroll of identify
Potions
 q - a potion of haste
 t - a potion of flight
 v - a potion of brilliance
 x - 2 potions of magic
 I - 2 potions of curing
Comestibles
 f - 7 rations
 F - 13 chunks of flesh


   Skills:
 + Level 6.5 Fighting
 + Level 4.5 Short Blades
 + Level 4.5 Long Blades
 + Level 8.0 Axes
 + Level 4.5 Maces & Flails
 + Level 4.5 Polearms
 + Level 4.5 Staves
 + Level 4.5 Slings
 + Level 4.5 Bows
 + Level 4.5 Crossbows
 + Level 6.5 Throwing
 + Level 4.5 Armour
 + Level 8.0 Dodging
 + Level 4.5 Stealth
 + Level 4.5 Shields
 + Level 4.5 Unarmed Combat
 + Level 4.5 Spellcasting
 + Level 3.7 Conjurations
 + Level 3.7 Hexes
 + Level 3.7 Charms
 + Level 3.7 Summonings
 + Level 3.7 Necromancy
 + Level 3.7 Translocations
 + Level 3.7 Transmutations
 + Level 3.7 Fire Magic
 + Level 3.7 Ice Magic
 + Level 3.7 Air Magic
 + Level 3.7 Earth Magic
 + Level 3.7 Poison Magic
 + Level 4.9 Invocations
 + Level 4.5 Evocations


You had 17 spell levels left.
You didn't know any spells.
Your spell library was empty.

Dungeon Overview and Level Annotations

Branches:
Dungeon (7/15)             Temple (1/1) D:6

Altars:
Ashenzari
Cheibriados
Dithmenos
Elyvilon
Fedhas
Hepliaklqana
Makhleb
Ru
Sif Muna
Trog
Uskayaw
Vehumet
Wu Jian
Xom
Yredelemnul
The Shining One

Annotations:
D:7 Prince Ribbit


Innate Abilities, Weirdness & Mutations

Your experience applies equally to all skills.
You have very sharp teeth.
Your uncanny sense of smell can sniff out nearby items.


Message History

The ogre shouts!
The ogre shouts!
You block the ogre's attack.
The ogre shouts!
The ogre shouts!
The ogre hits you with a +0 giant spiked club!!
* * * LOW HITPOINT WARNING * * *
Prince Ribbit mumbles some strange words.
Prince Ribbit looks slightly unstable.
The ogre shouts!
You feel much better. You block the ogre's attack.
As you read the scroll of fear, it crumbles to dust.
You assume a fearsome visage.
Prince Ribbit looks frightened!
The ogre hits you with a +0 giant spiked club!!
* * * LOW HITPOINT WARNING * * *
Prince Ribbit blinks!
As you read the scroll of teleportation, it crumbles to dust.
You feel strangely unstable.
The ogre hits you with a +0 giant spiked club!
You die...

............ ........F#.#
.# ...........##.#
..............##
..#.##.#..)....
....##.#...#..
....##.#...#.# #
...........#.#####.#####
.......#....ยง..O@.......
.##..#.#).)#..##.#..#..#
((.(.....)..........#
.##..###...#..##.#...<
#............#.#.###.
....###...#.#.#.# # #
####.. #...#.#.#.#
#...#.#.#.# #....


You could see a neutral ogre (insane).

Vanquished Creatures
  Sigmund (D:5)
  A hungry ghost (D:7)
  Duvessa (D:7)
  An orc warrior (D:7)
  A sky beast (D:4)
  An ice beast (D:6)
  A black bear (D:6)
  A necrophage (D:7)
  6 ogres
  5 centaurs
  A bullfrog (D:7)
  A wyvern zombie (D:6)
  Dowan (D:7)
  3 scorpions
  3 wights (D:6)
  3 crimson imps
  2 hounds
  2 orc wizards
  3 iron imps (D:4)
  3 worker ants
  A hound skeleton (D:7)
  9 gnolls
  12 adders
  A shadow imp (D:7)
  An ooze (D:1)
  2 adder skeletons
  A worm (D:2)
  4 dart slugs
  3 leopard geckos
  12 orcs
  9 giant cockroaches
  5 goblins
  7 hobgoblins
  13 jackals
  A quokka (D:3)
  10 bats
  9 frilled lizards
  2 kobolds
  A quokka skeleton (D:4)
  A quokka zombie (D:2)
  5 rats
150 creatures vanquished.

Notes
Turn   | Place    | Note
-------+----------+-------------------------------------------
     0 | D:1      | Chiseanne the Gnoll Gladiator began the quest for the Orb.
     0 | D:1      | Reached XP level 1. HP: 20/20 MP: 1/1
    55 | D:1      | Reached XP level 2. HP: 24/26 MP: 2/2
   280 | D:1      | Reached XP level 3. HP: 30/31 MP: 3/3
   485 | D:1      | Reached skill level 1 in Invocations
   808 | D:2      | Reached skill level 1 in Short Blades
   808 | D:2      | Reached skill level 1 in Long Blades
   808 | D:2      | Reached skill level 1 in Maces & Flails
   808 | D:2      | Reached skill level 1 in Polearms
   808 | D:2      | Reached skill level 1 in Staves
   808 | D:2      | Reached skill level 1 in Slings
   808 | D:2      | Reached skill level 1 in Bows
   808 | D:2      | Reached skill level 1 in Crossbows
   808 | D:2      | Reached skill level 1 in Armour
   808 | D:2      | Reached skill level 1 in Stealth
   808 | D:2      | Reached skill level 1 in Shields
   808 | D:2      | Reached skill level 1 in Unarmed Combat
   808 | D:2      | Reached skill level 1 in Spellcasting
   808 | D:2      | Reached skill level 1 in Evocations
   812 | D:2      | Reached XP level 4. HP: 12/38 MP: 5/5
  1192 | D:2      | You fall into a shaft and drop 2 floors!
  1205 | D:4      | Reached skill level 1 in Conjurations
  1205 | D:4      | Reached skill level 1 in Hexes
  1205 | D:4      | Reached skill level 1 in Charms
  1205 | D:4      | Reached skill level 1 in Summonings
  1205 | D:4      | Reached skill level 1 in Necromancy
  1205 | D:4      | Reached skill level 1 in Translocations
  1205 | D:4      | Reached skill level 1 in Transmutations
  1205 | D:4      | Reached skill level 1 in Fire Magic
  1205 | D:4      | Reached skill level 1 in Ice Magic
  1205 | D:4      | Reached skill level 1 in Air Magic
  1205 | D:4      | Reached skill level 1 in Earth Magic
  1205 | D:4      | Reached skill level 1 in Poison Magic
  1205 | D:4      | Reached XP level 5. HP: 29/43 MP: 5/7
  2021 | D:2      | Found a shattered altar of Ashenzari.
  2069 | D:2      | Noticed a centaur
  2079 | D:2      | Killed a centaur
  2079 | D:2      | Reached XP level 6. HP: 28/50 MP: 8/8
  2732 | D:3      | Reached skill level 5 in Fighting
  2732 | D:3      | Reached skill level 5 in Throwing
  3050 | D:4      | Noticed a sky beast
  3059 | D:4      | Killed a sky beast
  3060 | D:4      | Reached XP level 7. HP: 40/56 MP: 10/10
  3550 | D:4      | Found a basalt altar of Yredelemnul.
  3783 | D:4      | Found an ornate altar of the Wu Jian Council.
  3794 | D:4      | Got a pitted dagger
  3868 | D:4      | Reached XP level 8. HP: 6/63 MP: 12/12
  4083 | D:4      | Found a burning altar of Makhleb.
  4320 | D:4      | Identified the +4 dagger of Success {drain, Fragile rF++
                  | rN+++} (You found it on level 4 of the Dungeon)
  4329 | D:5      | Entered Level 5 of the Dungeon
  4527 | D:5      | Noticed a +0 dagger
  4534 | D:5      | Noticed a +0 dagger
  4535 | D:5      | Found a hide-covered altar of Uskayaw.
  4752 | D:5      | Found a shimmering blue altar of Sif Muna.
  4840 | D:5      | Noticed Sigmund
  4856 | D:5      | Killed Sigmund
  5660 | D:6      | Reached XP level 9. HP: 19/69 MP: 14/14
  6102 | D:6      | Found a shadowy altar of Dithmenos.
  6340 | D:6      | Found a staircase to the Ecumenical Temple.
  6449 | Temple   | Entered the Ecumenical Temple
  6511 | Temple   | Became a worshipper of the Shining One
  6755 | D:7      | Noticed Prince Ribbit
  6762 | D:7      | Noticed a troll
  6768 | D:7      | Noticed Dowan
  6769 | D:7      | Noticed Duvessa
  7056 | D:7      | Killed Duvessa
  7064 | D:7      | Killed Dowan
  7079 | D:7      | Reached * piety under the Shining One
  7249 | D:7      | Slain by an ogre

Skill      XL: |  1  2  3  4  5  6  7  8  9 |
---------------+----------------------------+-----
Invocations    | 1 2 3 4 |  4.9
Short Blades   | 1 2 3 4 |  4.5
Long Blades    | 1 2 3 4 |  4.5
Maces & Flails | 1 2 3 4 |  4.5
Polearms       | 1 2 3 4 |  4.5
Staves         | 1 2 3 4 |  4.5
Slings         | 1 2 3 4 |  4.5
Bows           | 1 2 3 4 |  4.5
Crossbows      | 1 2 3 4 |  4.5
Armour         | 1 2 3 4 |  4.5
Stealth        | 1 2 3 4 |  4.5
Shields        | 1 2 3 4 |  4.5
Unarmed Combat | 1 2 3 4 |  4.5
Spellcasting   | 1 2 3 4 |  4.5
Evocations     | 1 2 3 4 |  4.5
Conjurations   | 1 2 3 |  3.7
Hexes          | 1 2 3 |  3.7
Charms         | 1 2 3 |  3.7
Summonings     | 1 2 3 |  3.7
Necromancy     | 1 2 3 |  3.7
Translocations | 1 2 3 |  3.7
Transmutations | 1 2 3 |  3.7
Fire Magic     | 1 2 3 |  3.7
Ice Magic      | 1 2 3 |  3.7
Air Magic      | 1 2 3 |  3.7
Earth Magic    | 1 2 3 |  3.7
Poison Magic   | 1 2 3 |  3.7
Fighting       | 5 6 |  6.5
Throwing       | 5 6 |  6.5
Axes           | 7 8 |  8.0
Dodging        | 7 8 |  8.0

Action                   |  1- 3 |  4- 6 |  7- 9 || total
-------------------------+-------+-------+-------++-------
Melee: War axe           |    92 |   184 |   248 ||   524
       Bite              |     9 |    20 |    41 ||    70
       Punch             |     1 |     1 |       ||     2
       Hand axe          |       |       |    28 ||    28
Throw: Javelin           |       |       |    28 ||    28
       Boomerang         |       |       |     7 ||     7
       Throwing net      |       |       |     3 ||     3
       Dart              |       |       |     1 ||     1
Evoke: Wand              |       |       |     2 ||     2
  Use: Scroll            |       |     6 |    12 ||    18
       Potion            |       |     1 |     6 ||     7
 Stab: Sleeping          |     1 |       |       ||     1
  Eat: Chunk             |       |     7 |    14 ||    21
Armor: Leather armour    |    13 |       |       ||    13
       Chain mail        |    14 |    87 |   117 ||   218
       Skin              |       |       |    11 ||    11
Dodge: Dodged            |    87 |   117 |    84 ||   288
Block: Large shield      |       |       |   198 ||   198
